 Dungeon Crawl Stone Soup version 0.31-a0-664-g902f515a81 (webtiles) character file.

Game seed: 15344726100160988156

2342 Revguard the Shield-Bearer (level 9, -5/71 HPs)
             Began as a Demonspawn Fighter on Sept 2, 2023.
             Was a Believer of Okawaru.
             Slain by an ogre
             ... wielding a +0 giant club
              (11 damage)
             ... on level 6 of the Dungeon.
             The game lasted 00:12:29 (5922 turns).

Revguard the Shield-Bearer (Demonspawn Fighter)     Turns: 5922, Time: 00:12:30

Health: -5/71      AC: 14    Str: 20    XL:     9   Next: 20%
Magic:  12/12      EV: 10    Int: 10    God:    Okawaru [**....]
Gold:   260        SH:  6    Dex: 13    Spells: 8/8 levels left

rFire   . . .        a - +1 war axe
rCold   . . .        c - +1 buckler
rNeg    . . .        b - +0 scale mail
rPois   .            h - +0 helmet
rElec   .            m - +0 cloak
rCorr   .            (no gloves)
SInv    .            r - +2 pair of boots
Will    .....        (no amulet) Stlth
                     (no ring)
HPRegen 0.31/turn    (no ring)
MPRegen 0.13/turn

%: no passive effects
@: hasted, very quick
A: rugged brown scales 2, demonic magic 1, weakness stinger 2
a: Renounce Religion, Heroism


You were on level 6 of the Dungeon.
You worshipped Okawaru.
Okawaru was pleased with you.
You visited 2 branches of the dungeon, and saw 7 of its levels.

You collected 400 gold pieces.
You spent 140 gold pieces at shops.

Inventory:

Hand Weapons
 a - a +1 war axe (weapon)
Armour
 b - a +0 scale mail (worn)
 c - a +1 buckler (worn)
 h - a +0 helmet (worn)
 m - a +0 cloak (worn)
 r - a +2 pair of boots (worn)
Jewellery
 i - a ring of ice
Wands
 d - a wand of flame (3)
 k - a wand of iceblast (9)
Scrolls
 f - a scroll of fog
 j - 2 scrolls of amnesia
 n - 3 scrolls of teleportation
 o - 2 scrolls of identify
Potions
 e - 3 potions of lignification
 g - 2 potions of haste
 p - a potion of resistance


   Skills:
 + Level 5.1 Fighting
 * Level 5.5 Axes
 + Level 4.6 Armour
 + Level 3.4 Dodging
 * Level 5.9 Shields
 + Level 5.0 Invocations
 + Level 3.9 Evocations


You had 8 spell levels left.
You didn't know any spells.
Your spell library was empty.

Dungeon Overview and Level Annotations

Branches:
Dungeon (6/15)             Temple (1/1) D:4

Altars:
Dithmenos
Gozag
Hepliaklqana
Kikubaaqudgha
Makhleb
Okawaru
Sif Muna
Trog
Uskayaw
Vehumet
Xom
Yredelemnul

Shops:
D:2 *!


Innate Abilities, Weirdness & Mutations

You are mostly covered in rugged brown scales. (AC +2, +5% HP)
Spells you cast may paralyse adjacent enemies.
You have a tail ending in a sharp stinger.


Message History

You slash the ogre! You tail-slap the ogre!
The ogre is almost dead.
The ogre hits you with a +0 giant club!
You barely miss the ogre.
The ogre is almost dead.
The ogre completely misses you.
You slash the ogre!
You kill the ogre!
Okawaru accepts your kill.
You see here a +0 giant club.
Found 5 stones.
You see here 5 stones.
Found a dagger.
Found a ring mail.
Found a stone staircase leading down.
An ogre comes into view. It is wielding a +0 giant club.
A centaur comes into view.
The centaur shouts!
The centaur wields a +0 shortbow.
The centaur shoots an arrow.
You block the arrow. You block the ogre's attack.
The centaur shoots an arrow.
You block the arrow.
You barely miss the ogre.
Your tail-slap misses the ogre.
The centaur shoots an arrow.
The arrow hits you but does no damage.
The centaur shoots an arrow.
The arrow barely misses you.
The ogre hits you with a +0 giant club!!
You completely miss the ogre.
The centaur shoots an arrow.
The arrow hits you but does no damage.
The centaur shoots an arrow.
The arrow hits you! The ogre barely misses you.
You slash the ogre!
The ogre is heavily wounded.
The centaur shoots an arrow.
The arrow hits you! The ogre attacks as it pursues you!
The ogre hits you with a +0 giant club!!
* * * LOW HITPOINT WARNING * * *
Okay, then.
You feel better. The ogre hits you with a +0 giant club!
* * * LOW HITPOINT WARNING * * *
You feel yourself speed up. The ogre attacks as it pursues you!
The ogre hits you with a +0 giant club!
You die...

[......# #...# ###
#.#..#.# #...# ....
#.#..#.#####...####.#.#
#.#...................#
....#..........c......#
..................c..#
........###.....###....
..#...#.##.#...#O# #
..#.#.#.##.#...#@#
........##.#...#.#
.....#.####.....##
###.###........##
#..#.######### ###.#.##
....#.##############
#####.##....<......#####
#.#...######.#.....#


You could see an ogre and a centaur.

Vanquished Creatures
  Grinder (D:3)
  Sigmund (D:2)
  The ghost of Conn the Sneak, an amateur OpFE (D:5)
  Eustachio (D:5)
  An ice beast (D:5)
  A black bear (D:6)
  2 ogres
  Blork the orc (D:5)
  A gnoll sergeant (D:5)
  5 scorpions
  4 crimson imps (D:3)
  4 hounds
  Crazy Yiuf (D:2)
  3 orc priests
  2 jellies (D:5)
  Jessica (D:3)
  2 orc wizards
  Natasha (thrice) (D:3)
  2 iguanas
  10 gnolls
  8 adders
  A white imp (D:6)
  2 worms
  2 dart slugs
  22 orcs
  5 ball pythons
  3 bats
  5 endoplasms
  2 giant cockroaches
  4 hobgoblins
  6 kobolds
  2 quokkas
  5 frilled lizards
  9 goblins
  5 rats
128 creatures vanquished.

Notes
Turn   | Place    | Note
-------+----------+-------------------------------------------
     0 | D:1      | Revguard the Demonspawn Fighter began the quest for the
                  | Orb.
     0 | D:1      | Reached XP level 1. HP: 18/18 MP: 1/1
   250 | D:1      | Found a faded altar of an unknown god.
   264 | D:1      | Gained mutation: Spells you cast may paralyse adjacent
                  | enemies. [demonic ancestry]
   264 | D:1      | Reached XP level 2. HP: 24/24 MP: 2/2
   904 | D:2      | Found a basalt altar of Yredelemnul.
   925 | D:2      | Reached skill level 1 in Invocations
   925 | D:2      | Reached XP level 3. HP: 29/29 MP: 3/3
  1124 | D:2      | Found Ripp's Distillery.
  1156 | D:2      | Bought 2 potions of heal wounds for 140 gold pieces
  1232 | D:2      | Found a runed translucent door.
  1233 | D:2      | Noticed Crazy Yiuf
  1257 | D:2      | Reached skill level 1 in Evocations
  1333 | D:2      | Found Epiachik's Assorted Antiques.
  1414 | D:2      | Noticed Sigmund
  1427 | D:2      | Killed Sigmund
  1428 | D:2      | Reached skill level 1 in Dodging
  1428 | D:2      | Gained mutation: You have a small tail. [demonic ancestry]
  1428 | D:2      | Reached XP level 4. HP: 28/35 MP: 3/5
  1428 | D:2      | Gained mutation: You are partially covered in rugged brown
                  | scales. (AC +1, +3% HP) [demonic ancestry]
  1428 | D:2      | Reached XP level 5. HP: 28/42 MP: 3/6
  1838 | D:2      | Killed Crazy Yiuf
  1839 | D:2      | Reached XP level 6. HP: 41/49 MP: 7/7
  2102 | D:3      | Noticed Jessica
  2113 | D:3      | Killed Jessica
  2156 | D:3      | Noticed Natasha
  2165 | D:3      | Killed Natasha
  2299 | D:3      | Found a shimmering altar of Xom.
  2487 | D:3      | Noticed Natasha
  2493 | D:3      | Killed Natasha
  2581 | D:3      | Noticed Grinder
  2598 | D:3      | Killed Grinder
  2599 | D:3      | Reached XP level 7. HP: 52/55 MP: 9/9
  2728 | D:3      | Noticed Natasha
  2736 | D:3      | Killed Natasha
  2876 | D:4      | Found a staircase to the Ecumenical Temple.
  2916 | Temple   | Entered the Ecumenical Temple
  2969 | Temple   | Became a worshipper of Warmaster Okawaru
  3524 | D:4      | Gained mutation: You are mostly covered in rugged brown
                  | scales. (AC +2, +5% HP) [demonic ancestry]
  3524 | D:4      | Reached XP level 8. HP: 41/64 MP: 10/10
  3815 | D:5      | Entered Level 5 of the Dungeon
  3861 | D:5      | Reached * piety under Okawaru
  4014 | D:5      | Reached skill level 5 in Shields
  4328 | D:5      | Noticed Blork the orc
  4343 | D:5      | Killed Blork the orc
  4377 | D:5      | Noticed Eustachio
  4410 | D:5      | Killed Eustachio
  4594 | D:5      | Found a runed translucent door.
  4595 | D:5      | Noticed Conn's ghost (amateur OpFE)
  4606 | D:5      | Killed Conn's ghost
  4607 | D:5      | Reached skill level 5 in Axes
  5165 | D:5      | Reached skill level 5 in Fighting
  5361 | D:6      | Found an opulent altar of Gozag.
  5374 | D:6      | Gained mutation: You have a tail ending in a sharp stinger.
                  | [demonic ancestry]
  5374 | D:6      | Reached XP level 9. HP: 60/71 MP: 12/12
  5495 | D:6      | Reached ** piety under Okawaru
  5754 | D:6      | Reached skill level 5 in Invocations
  5922 | D:6      | Slain by an ogre

Illustrated notes

Levels and vault maps discovered:
D:1:      dpeg_arrival_arbitrary_a, layout_loops_ring,
          shapermc_ecumenical_altar_mp_urbaneastern, serial_bayou,
          serial_bayou_ford_a, serial_bayou_shore_a, serial_bayou_pond_e,
          serial_bayou_crossing, serial_bayou_shore_b, serial_bayou_pond_e
D:2:      layout_loops_cross, serial_shops, shop_coins, shop, basic_altar,
          kennysheep_generic_room_4, uniq_sigmund, uniq_crazy_yiuf_cottage
D:3:      layout_loops_ring, led_xom_imps, serial_bayou_pond_b, uniq_jessica,
          uniq_grinder, uniq_natasha
D:4:      layout_loops_ring, temple_statues
D:5:      layout_loops_corners, ebering_ghost_reflecting_pool, lightli_minifort,
          uniq_blork_the_orc, uniq_eustachio
D:6:      layout_loops_cross, nicolae_gozag_seed_capital, kennysheep_little_box,
          minmay_overflow_temple_star_hex
Temple:   nicolae_temple_godzebo

Skill      XL: |  1  2  3  4  5  6  7  8  9 |
---------------+----------------------------+-----
Axes           | 2 3 4 5 |  5.5
Shields        | 3 4 5 |  5.9
Invocations    | 1 2 3 4 5 |  5.0
Evocations     | 1 2 3 |  3.9
Armour         | 3 4 |  4.6
Dodging        | 1 2 3 |  3.4
Fighting       | 4 5 |  5.1

Action                     |  1- 3 |  4- 6 |  7- 9 || total
---------------------------+-------+-------+-------++-------
  Melee: War axe           |    91 |   112 |   320 ||   523
         Tailslap          |       |    22 |    51 ||    73
  Evoke: Wand              |       |       |     2 ||     2
    Use: Potion            |     4 |     1 |     7 ||    12
         Scroll            |     2 |     5 |     4 ||    11
 Armour: Scale mail        |    55 |    75 |   299 ||   429
         Skin              |     8 |     7 |       ||    15
  Dodge: Dodged            |    29 |    51 |   204 ||   284
  Block: Buckler           |    18 |    28 |   112 ||   158

Table legend: (Time is in decaauts)
 A = Elapsed time spent in this place.
 B = Non-inter-level travel time spent in this place.
 C = Inter-level travel time spent in this place.
 D = Time resting spent in this place.
 E = Time spent auto-exploring this place.
 F = Levels seen in this place.
 G = Mean time per level.
                   A        B        C        D        E       F      G
               +--------+--------+--------+--------+--------+-----+--------+
         Total |   6173 |   6029 |    144 |    180 |   4394 |   7 |  881.9 |
       Dungeon |   6098 |   5975 |    123 |    180 |   4394 |   6 | 1016.3 |
        Temple |     74 |     53 |     21 |      0 |      0 |   1 |   74.0 |
               +--------+--------+--------+--------+--------+-----+--------+

Top non-repeatable levels by time:
     D:5: 1600 daAuts
     D:2: 1154 daAuts
     D:4: 950 daAuts
     D:3: 929 daAuts
     D:1: 882 daAuts
     D:6: 581 daAuts
  Temple: 74 daAuts
